Map: Kairos Junction LE

Players

Mez

  • Race: Terran Terran
  • League: Master
  • Spawn Location: 11:00

général - Winner!

  • Race: Terran Terran
  • League: Master
  • Spawn Location: 5:00

VOD

Have the link to the VOD?

Description

Time

  • Played on: Aug. 11, 2019, 8:02 p.m.
  • Length: 16:00
Show
View Real Time Build Order
Export as new Build Order

Mez Terran 

Build Orders: Gas First Reaper Expand 

Get SALT Encoding   

  12  0:00  SCV  
  13  0:12  SCV  
  14  0:17  Supply Depot  
  14  0:24  SCV  
  15  0:30  Refinery  
  15  0:38  SCV  
  16  0:45  Barracks  
  16  0:50  SCV  
  17  1:03  SCV  
  18  1:15  SCV  
  19  1:33  Orbital Command  
  19  1:34  Reaper  
  20  1:51  Command Center  
  20  1:56  Factory  
  20  2:00  SCV  
  21  2:10  Barracks Reactor, Supply Depot  
  21  2:14  SCV  
  22  2:18  Refinery  
  22  2:26  SCV  
  23  2:38  SCV  
  23  2:41  Factory Tech Lab  
  24  2:46  Marine x2  
  24  2:50  SCV  
  27  3:00  Cyclone  
  27  3:02  Orbital Command  
  30  3:06  Marine x2  
  30  3:09  Starport  
  32  3:13  SCV  
  33  3:24  Marine x2  
  33  3:25  SCV  
  36  3:27  SCV  
  36  3:32  Cyclone  
  40  3:40  SCV  
  41  3:43  Marine  
  41  3:44  SCV  
  41  3:45  Refinery  
  41  3:48  Starport Tech Lab  
  43  3:52  SCV  
  43  3:57  SCV  
  44  4:04  SCV  
  44  4:06  Marine  
  46  4:18  Raven, SCV x2, Marine  
  51  4:24  Marine  
  51  4:25  Supply Depot  
  51  4:28  Command Center  
  52  4:36  Marine  
  52  4:37  SCV  
  54  4:45  Siege Tank  
  54  4:47  SCV  
  54  4:48  Supply Depot  
  54  4:49  Marine  
  54  4:50  SCV  
  57  4:54  Marine  
  57  4:55  Supply Depot  
  58  5:01  SCV  
  58  5:02  SCV  
  58  5:04  Raven  
  58  5:05  Barracks  
  59  5:14  Marine x2  
  61  5:25  Siege Tank  
  61  5:27  SCV  
  64  5:34  SCV  
  64  5:37  Barracks  
  64  5:38  Engineering Bay  
  64  5:39  SCV  
  64  5:42  Orbital Command  
  64  5:47  Supply Depot  
  55  5:57  Raven  
  55  5:58  Marine x2  
  55  6:00  SCV x2  
  55  6:02  Barracks Reactor, Orbital Command  
  61  6:07  Refinery  
  61  6:19  Siege Tank  
  61  6:23  Terran Infantry Weapons Level 1  
  64  6:28  Barracks  
  64  6:29  SCV x3  
  64  6:30  Barracks  
  67  6:37  Barracks Reactor  
  61  6:53  Missile Turret  
  60  7:00  SCV  
  60  7:01  SCV x2, Marine x2  
  63  7:02  Missile Turret  
  63  7:03  Missile Turret  
  65  7:11  Engineering Bay, Armory  
  65  7:13  Stimpack, SCV x2, Refinery  
  64  7:25  SCV, Marine  
  64  7:26  Marine x6  
  63  7:43  Marine x6  
  63  7:44  Siege Tank  
  67  7:48  Viking  
  67  7:51  Viking  
  67  7:56  Orbital Command  
  67  7:58  Marine  
  70  8:01  Marine  
  70  8:04  Marine x3  
  67  8:12  Missile Turret  
  67  8:18  Barracks Reactor x2  
  67  8:20  SCV  
  67  8:21  SCV  
  67  8:26  SCV  
  70  8:33  SCV x2  
  72  8:38  SCV  
  72  8:39  Marine x4  
  77  8:45  SCV x2, Terran Infantry Weapons Level 2  
  77  8:46  Terran Infantry Armor Level 1  
  79  8:55  SCV  
  80  8:57  SCV x2  
  81  9:04  Marine x4  
  81  9:05  Marine x5  
  81  9:06  Viking  
  81  9:07  Viking  
  94  9:10  SCV  
  94  9:13  Siege Tank  
  98  9:31  Missile Turret  
  98  9:37  Missile Turret, Supply Depot  
  98  9:38  Supply Depot  
  98  9:40  Missile Turret, Marine x9, Supply Depot  
  107  9:45  Factory, SCV  
  107  9:46  SCV  
  107  9:51  Refinery  
  109  9:54  Refinery  
  109  9:55  Medivac  
  109  9:56  SCV, Medivac  
  109  9:58  SCV x2, Marine  
  117  10:01  Marine x3  
  112  10:08  SCV  
  112  10:10  SCV  
  98  10:16  Marine x5  
  98  10:17  Marine  
  98  10:18  SCV  
  98  10:19  Marine x3  
  98  10:20  SCV  
  103  10:23  Siege Tank  
  106  10:34  Marine x3  
  109  10:35  Marine  
  109  10:36  Marine x2  
  109  10:38  Medivac x2  
  116  10:50  SCV  
  116  10:51  SCV x2  
  116  10:55  Cyclone, Marine x8  
  116  10:56  Factory Tech Lab  
  130  11:08  Medivac x2  
  134  11:17  Marine x9  
  136  11:34  Marine  
  136  11:35  Marine x3  
  136  11:37  Marine  
  141  11:42  Supply Depot  
  141  11:43  Supply Depot  
  141  11:44  Supply Depot  
  141  11:45  Marine x2, Medivac, Supply Depot x2  
  141  11:46  Sensor Tower, Siege Tank x2  
  141  12:01  Supply Depot  
  141  12:04  Marine x9, Medivac  
  152  12:18  Siege Tank x2  
  152  12:22  Marine x5  
  134  12:31  Marine x3  
  134  12:32  Marine  
  134  12:33  Terran Infantry Weapons Level 3  
  119  12:39  Marine x5  
  122  12:48  Barracks  
  122  12:49  Marine, Barracks  
  122  12:50  Siege Tank, Barracks  
  123  12:59  Marine x8  
  123  13:04  Siege Tank  
  134  13:07  Marine  
  134  13:11  Sensor Tower  
  135  13:17  Marine  
  130  13:31  Marine x2  
  110  13:41  Marine  
  110  13:47  Marine  
  110  13:48  Marine x6  
  111  13:49  Marine  
  95  13:59  Marine  
  96  14:05  Marine  
  96  14:06  Barracks Reactor x2, Marine x7  
  96  14:07  Barracks Reactor  
  98  14:17  Marine  
  98  14:21  Siege Tank x2  
  98  14:23  Marine x6  
  111  14:30  Marine  
  111  14:31  Marine, Medivac x2  
  108  14:53  Siege Tank  
  108  14:56  Marine x6  
  108  14:57  Marine x7  
  70  15:21  Marine x6  
  67  15:22  Siege Tank  
  76  15:32  Orbital Command  
  75  15:41  Marine x2  
Show
View Real Time Build Order
Export as new Build Order

général Terran - Winner!

Build Orders: 1/1/1 

Get SALT Encoding   

  12  0:00  SCV  
  13  0:13  SCV  
  14  0:17  Supply Depot  
  14  0:25  SCV  
  15  0:28  Refinery  
  15  0:39  SCV  
  16  0:45  Barracks  
  16  0:51  SCV  
  16  0:56  Refinery  
  17  1:03  SCV  
  18  1:15  SCV  
  19  1:32  Orbital Command  
  19  1:33  Factory  
  19  1:38  Reaper  
  20  1:45  Supply Depot  
  20  1:58  SCV  
  21  2:10  Reaper  
  21  2:14  SCV  
  23  2:17  Starport  
  23  2:19  Hellion  
  25  2:26  SCV  
  26  2:38  Command Center  
  26  2:44  Hellion  
  28  2:48  Reaper  
  28  2:50  SCV  
  30  3:01  Starport Tech Lab, Supply Depot  
  30  3:03  SCV  
  30  3:05  Factory Tech Lab  
  31  3:22  Raven, SCV  
  34  3:27  Barracks Reactor  
  34  3:35  SCV  
  34  3:39  Supply Depot  
  35  3:45  Cyclone  
  35  3:47  SCV  
  39  3:51  Orbital Command  
  39  3:59  SCV  
  40  4:11  Refinery, Marine x2, SCV  
  40  4:16  SCV  
  44  4:17  Cyclone  
  44  4:23  SCV  
  48  4:28  SCV  
  48  4:31  Marine x2  
  45  4:32  Banshee  
  45  4:35  SCV  
  46  4:47  SCV  
  46  4:48  Marine  
  46  4:49  Siege Tank  
  50  4:56  Marine  
  50  4:59  SCV, Orbital Command  
  52  5:06  Marine  
  52  5:14  Marine  
  52  5:15  Banshee  
  52  5:20  Command Center  
  56  5:24  Marine  
  56  5:26  SCV  
  58  5:32  Siege Tank, Marine  
  62  5:42  Marine  
  62  5:55  Orbital Command  
  58  5:57  SCV  
  59  6:06  Siege Tank  
  62  6:13  Barracks  
  62  6:14  Barracks x2  
  62  6:16  Engineering Bay  
  62  6:17  Engineering Bay  
  62  6:27  Supply Depot  
  62  6:31  Marine x2  
  62  6:32  SCV x2  
  66  6:38  SCV  
  67  6:44  SCV  
  65  7:02  Siege Tank  
  65  7:04  Orbital Command  
  65  7:05  Barracks Reactor x3  
  65  7:07  SCV x2, Terran Infantry Weapons Level 1  
  70  7:18  Marine  
  70  7:19  SCV  
  70  7:21  SCV  
  68  7:30  SCV  
  68  7:31  SCV  
  68  7:33  SCV, Terran Infantry Armor Level 1  
  68  7:34  Refinery  
  68  7:35  Stimpack  
  68  7:36  Marine  
  66  7:46  SCV x2  
  68  7:51  Marine x2  
  68  7:57  SCV  
  68  7:58  SCV, Marine x4  
  68  7:59  Siege Tank, Marine  
  68  8:00  Medivac x2  
  75  8:09  Marine  
  75  8:11  SCV  
  75  8:12  SCV  
  73  8:13  Orbital Command  
  73  8:14  Marine  
  73  8:16  Marine  
  73  8:18  Armory  
  75  8:22  Marine x4  
  75  8:24  SCV  
  80  8:27  Marine  
  80  8:30  SCV  
  80  8:32  Siege Tank  
  85  8:40  Supply Depot  
  85  8:42  Supply Depot  
  85  9:02  Marine x7  
  88  9:04  Siege Tank  
  88  9:06  Medivac  
  88  9:08  Terran Infantry Weapons Level 2  
  92  9:20  SCV x2, Marine x6  
  92  9:22  Refinery  
  92  9:23  Refinery  
  100  9:27  Marine, Supply Depot  
  100  9:28  Supply Depot  
  101  9:33  Factory  
  101  9:35  Combat Shield  
  101  9:36  Supply Depot  
  101  9:38  Supply Depot  
  101  9:48  Marine x5  
  101  9:49  SCV x2  
  108  9:54  Marine x2  
  110  10:06  Marine  
  106  10:09  Marine x4  
  106  10:13  Marine x2  
  92  10:20  Siege Tank  
  76  10:23  Factory Tech Lab  
  76  10:24  Marine  
  76  10:26  Marine, Medivac x2  
  76  10:27  Terran Infantry Armor Level 2, SCV, Marine x3  
  86  10:31  Marine x2  
  88  10:38  Barracks  
  88  10:39  Barracks  
  88  10:42  Marine  
  89  10:44  Marine x2  
  89  10:45  Siege Tank, Marine  
  95  10:50  Marine x2  
  95  10:51  Marine  
  95  10:52  Siege Tank  
  101  11:00  Marine  
  101  11:02  Marine x3  
  105  11:08  Marine  
  105  11:16  Marine x2  
  105  11:17  Siege Tank, Marine  
  102  11:20  Marine x3  
  102  11:24  Terran Infantry Weapons Level 3, Siege Tank  
  108  11:26  Marine  
  108  11:29  Barracks Reactor x2  
  109  11:33  Medivac x2  
  113  11:42  Sensor Tower  
  113  11:49  Siege Tank  
  113  11:51  Marine x3  
  113  11:52  Marine  
  120  11:56  Siege Tank  
  120  11:58  SCV  
  120  12:01  Marine x3  
  126  12:03  Medivac x2  
  131  12:10  Marine  
  132  12:20  Terran Vehicle Weapons Level 1  
  132  12:23  Siege Tank  
  132  12:29  Marine x3  
  123  12:30  Marine  
  123  12:31  Marine x4  
  123  12:37  Marine x3  
  121  12:44  SCV  
  121  12:45  Terran Infantry Armor Level 3  
  121  12:47  Marine x3  
  119  12:55  Missile Turret x3  
  119  12:56  SCV  
  120  12:59  SCV x2  
  120  13:00  Marine x3  
  120  13:01  Marine  
  120  13:02  Marine  
  127  13:06  Marine x2  
  127  13:08  Marine  
  130  13:14  Marine x3  
  133  13:25  Marine  
  133  13:26  Supply Depot  
  131  13:27  Supply Depot x2  
  131  13:28  Command Center, Barracks x2  
  131  13:32  Marine x4  
  115  13:36  Marine x3  
  115  13:37  Marine x3  
  114  13:48  Marine  
  114  13:50  Marine  
  114  13:51  Marine x3  
  114  13:54  Marine x3  
  118  13:56  Marine x3  
  121  14:06  Marine  
  121  14:07  Marine  
  121  14:08  Marine  
  121  14:09  Marine  
  125  14:10  Marine  
  125  14:12  Widow Mine, Marine x3  
  125  14:14  Marine  
  125  14:16  Barracks Reactor  
  132  14:17  Supply Depot x2  
  132  14:31  Marine  
  132  14:32  Marine x2  
  135  14:39  Marine  
  135  14:43  Planetary Fortress  
  135  14:44  SCV x3  
  130  15:05  Marine x3  
  130  15:06  Marine x4  
  134  15:07  Marine x4  
  138  15:23  SCV x2, Marine x4  
  138  15:24  Marine x3  
  138  15:25  Siege Tank x2, Marine x4  
  152  15:41  SCV, Marine x4  
  152  15:42  SCV  
Tags
 
Add a new tag
Caveats
  • Supply blocks, unpowered buildings, or Contaminate may cause inaccurate times.
  • Supply counts are checked every 10 seconds.